 Dungeon Crawl Stone Soup version 0.26-b1-32-g5d43845318 (webtiles) character file.

Game seed: 7657803558735307009

44 Borgoz the Ducker (level 3, -6/30 HPs)
             Began as a Ghoul Gladiator on Jan 13, 2021.
             Mangled by a gnoll
             ... wielding a +0 halberd
              (8 damage)
             ... on level 2 of the Dungeon.
             The game lasted 00:00:58 (1284 turns).

Borgoz the Ducker (Ghoul Gladiator)                 Turns: 1284, Time: 00:00:59

Health: -6/30      AC:  5    Str: 18    XL:     3   Next: 62%
Magic:  2/2        EV: 12    Int:  3    God:
Gold:   96         SH:  0    Dex: 10    Spells: 2/2 levels left

rFire    . . .     SeeInvis .   a - +0 flail
rCold    + . .     Faith    .   (no shield)
rNeg     + + +     Spirit   .   b - +0 leather armour
rPois    ∞         Reflect  .   c - +0 helmet
rElec    .         Harm     .   (no cloak)
rCorr    .         Rampage  .   j - +0 pair of gloves
Will     .....                  (no boots)
Stlth    +.........             (no amulet)
HPRegen  0.00/turn              (no ring)
MPRegen  0.08/turn              (no ring)

@: hasted, very quick
A: claws 1, cold resistance 1, negative energy resistance 3, inhibited
regeneration, torment resistance, unbreathing
a: no special abilities


You were on level 2 of the Dungeon.
You visited 1 branch of the dungeon, and saw 2 of its levels.

You collected 96 gold pieces.

Inventory:

Hand Weapons
 a - a +0 flail (weapon)
Missiles
 d - 2 throwing nets (quivered)
Armour
 b - a +0 leather armour (worn)
 c - a +0 helmet (worn)
 j - a +0 pair of gloves (worn)
Scrolls
 f - a scroll of remove curse {unknown}
 g - a scroll of immolation {unknown}
 k - a scroll of identify {unknown}
 l - a scroll of enchant weapon {unknown}
Potions
 e - a potion of attraction {unknown}
 i - a potion of brilliance {unknown}
 m - a potion of curing {unknown}


   Skills:
 * Level 2.8 Fighting
 * Level 3.1 Maces & Flails
 - Level 1.7 Throwing
 * Level 1.2 Armour
 * Level 3.1 Dodging


You had 2 spell levels left.
You didn't know any spells.
Your spell library was empty.

Dungeon Overview and Level Annotations

Branches:
Dungeon (2/15)

Altars:


Innate Abilities, Weirdness & Mutations

You thrive by killing the living.
You are immune to poison.
You have sharp fingernails.
Your flesh is cold resistant. (rC+)
You are immune to negative energy. (rN+++)
You do not regenerate when monsters are visible.
You are immune to unholy pain and torment.
You can survive without breathing.


Message History

You are too injured to fight recklessly!
You are too injured to fight recklessly!
You are too injured to fight recklessly!
You are too injured to fight recklessly!
You are too injured to fight recklessly!
You are too injured to fight recklessly!
Unknown command.
You barely miss the frilled lizard.
The frilled lizard completely misses you.
The gnoll hits you but does no damage. The frilled lizard misses you.
You barely miss the frilled lizard. The gnoll hits you but does no damage.
The frilled lizard bites you but does no damage.
It was a potion of haste.
You feel yourself speed up. The gnoll closely misses you.
The frilled lizard misses you.
You sock the frilled lizard!
You kill the frilled lizard!
The gnoll hits you from afar with a +0 halberd!
* * * LOW HITPOINT WARNING * * *
The gnoll hits you from afar with a +0 halberd!
You die...

.# ..#.# .# ..... .#
####### #####....#
.#######.....# #........#
.............# #........#
.............# #......#
.............# #..g...#.#
.............####lgS.<..#
.............'..@######.#
.(†..........###.#
.....<.........#.#
.........###.....#
.........###....##
#####...........
###########. ..


You could see 2 gnolls, a ball python and a frilled lizard.

Vanquished Creatures
  A gnoll (D:1)
  An adder (D:2)
  A worm (D:2)
  A dart slug (D:1)
  A giant cockroach (D:1)
  6 hobgoblins (D:1)
  3 jackals (D:1)
  A ball python (D:1)
  3 bats (D:1)
  2 frilled lizards
  A kobold (D:1)
21 creatures vanquished.

Notes
Turn   | Place    | Note
-------+----------+-------------------------------------------
     0 | D:1      | Borgoz the Ghoul Gladiator began the quest for the Orb.
     0 | D:1      | Reached XP level 1. HP: 17/17 MP: 0/0
   218 | D:1      | Reached XP level 2. HP: 18/25 MP: 1/1
   873 | D:1      | Reached XP level 3. HP: 30/30 MP: 2/2
  1019 | D:1      | Reached skill level 1 in Armour
  1284 | D:2      | Mangled by a gnoll

Illustrated notes

Levels and vault maps discovered:
D:1:      psy_arrival_terrarium, layout_loops_corners, minmay_misc_feat_chi
D:2:      layout_basic, lemuel_doored_altar

Skill      XL: |  1  2  3 |
---------------+----------+-----
Dodging        | 3 |  3.1
Maces & Flails | 3 |  3.1
Armour         | 1 |  1.2
Fighting       | |  2.8
Throwing       | |  1.7

Action                   || total
-------------------------++-------
Melee: Flail             ||    86
Throw: Throwing net      ||     2
  Use: Potion            ||     1
Armor: Leather armour    ||    32
Dodge: Dodged            ||    71
